 Dungeon Crawl Stone Soup version 0.17-a0-1534-gf98da79 (webtiles) character file.

1649 namelastname112 the Magician (level 8, 0/67 HPs)
             Began as a Black Draconian Fire Elementalist on July 17, 2015.
             Was an Initiate of Vehumet.
             Shot with an arrow by a centaur (10 damage)
             ... on level 6 of the Dungeon.
             The game lasted 00:11:39 (7159 turns).

namelastname112 the Magician (DrFE)                 Turns: 7159, Time: 00:11:39

Health: 0/67       AC: 10    Str: 14    XL:     8   Next: 67%
Magic:  7/18       EV: 19    Int: 17    God:    Vehumet [......]
Gold:   226        SH:  0    Dex: 16    Spells: 1 memorised, 19 levels left

rFire  + . .     SeeInvis .     e - +2 spear (pierce)
rCold  + . .     Rnd*Rage +     (armour unavailable)
rNeg   . . .     SustAt   .     (no shield)
rPois  +         Gourm    .     y - +0 hat
rElec  +         Spirit   .     p - +0 cloak
rCorr  +         Warding  .     k - +0 pair of gloves
rMut   .         Rnd*Tele +     F - +0 pair of boots
MR     .....                    t - amulet of resist corrosion
Stlth  +++.......               (no ring)
                                z - +1 ring of protection

@: agile, short of breath, resistant, very slightly contaminated, not resistant
to hostile enchantments, fairly stealthy
A: breathe lightning, unfitting armour, horns 1, berserk 1, electricity
resistance, slow healing 1, strong 1, teleportitis 1, cold-blooded, MP-powered
wands, AC +6
a: Breathe Lightning, Renounce Religion


You were on level 6 of the Dungeon.
You worshipped Vehumet.
Vehumet was noncommittal.
You were not hungry.

You visited 2 branches of the dungeon, and saw 7 of its levels.

You collected 226 gold pieces.

Inventory:

Hand weapons
 e - a +2 spear of piercing (weapon)
Armour
 k - a +0 pair of gloves (worn)
 p - a +0 cloak (worn)
 y - a +0 hat (worn)
 F - a +0 pair of boots (worn)
Magical staves
 C - an uncursed staff of conjuration
Jewellery
 t - an amulet of resist corrosion (around neck)
 z - a +1 ring of protection (left hand)
Magical devices
 w - a wand of frost (18)
 H - a wand of fireball (8)
 L - a wand of paralysis (14)
 M - a wand of fire (3)
Scrolls
 d - 3 scrolls of recharging {unknown}
 i - 5 scrolls of remove curse {unknown}
 j - 5 scrolls of identify {unknown}
 r - a scroll of teleportation {unknown}
 s - a scroll of blinking {unknown}
 v - a scroll of fear {unknown}
 D - a scroll of immolation {unknown}
 E - a scroll of enchant weapon {unknown}
Potions
 f - 2 potions of resistance
 h - 3 potions of flight {unknown}
 l - 2 potions of cure mutation {unknown}
 m - 3 potions of brilliance {unknown}
 n - 2 potions of agility
 x - a potion of mutation {unknown}
 A - a potion of lignification {unknown}
 B - a potion of might {unknown}
 G - a potion of curing {unknown}
 I - a potion of ambrosia {unknown}
 J - a potion of heal wounds {unknown}
Books
 a - a book of Flames

   Spells                             Type                      Level
   a - Flame Tongue                   Conjuration/Fire             1
   b - Throw Flame                    Conjuration/Fire             2
   c - Conjure Flame                  Conjuration/Fire             3
   d - Inner Flame                    Hexes/Fire                   3
   e - Sticky Flame                   Conjuration/Fire             4
   f - Fireball                       Conjuration/Fire             5
 u - a book of Beasts

   Spells                             Type                      Level
   a - Summon Butterflies             Summoning                    1
   b - Call Canine Familiar           Summoning                    3
   c - Summon Ice Beast               Ice/Summoning                4
   d - Summon Mana Viper              Hexes/Summoning              5
   e - Summon Hydra                   Summoning                    7
Comestibles
 b - 8 bread rations
 c - a slice of pizza
 g - 2 beef jerkies
 o - 2 royal jellies
 q - a meat ration
 K - a chunk of flesh


   Skills:
 - Level 4.3 Fighting
 - Level 4.2 Dodging
 - Level 1.7 Stealth
 + Level 6.8 Spellcasting
 + Level 5.7 Conjurations
 - Level 3.0 Fire Magic


You had 19 spell levels left.
You knew the following spells:

 Your Spells              Type           Power        Failure   Level  Hunger
z - Flame Tongue          Conj/Fire      ###..        1%          1    None


Dungeon Overview and Level Annotations

Branches:
Dungeon (6/15)             Temple (1/1) D:5

Altars:
Ashenzari
Cheibriados
Fedhas
Gozag
Kikubaaqudgha
Makhleb
Okawaru
Ru
Sif Muna
Trog
Vehumet
Yredelemnul
Zin
The Shining One

Shops:
D:4 =


Innate Abilities, Weirdness & Mutations

You can breathe wild blasts of lightning.
Your glossy black scales are hard (AC +6).
Your body does not fit into most forms of armour.
You are resistant to electric shocks.
You are cold-blooded and may be slowed by cold attacks.
You have a pair of small horns on your head.
You tend to lose your temper in combat.
You heal slowly when monsters are visible.
Your muscles are strong. (Str +2)
You are occasionally teleported to nearby monsters.
You expend magic power (3 MP) to strengthen your wands.


Message History

The giant frog closely misses you. The gnoll closely misses you.
The gnoll zombie closely misses you.
The shadow imp hits you but does no damage.
The giant frog barely misses you. The gnoll misses you.
The giant frog barely misses you.
The shadow imp hits you but does no damage.
The shadow imp hits you.
* * * LOW HITPOINT WARNING * * *
The giant frog closely misses you.
The centaur shoots an arrow.
The arrow hits you!
* * * LOW HITPOINT WARNING * * *
You see here an arrow.
Read which item? (? for menu, Esc to quit)
Okay, then.
Drink which item? (? for menu, Esc to quit)
It was a potion of agility.
You feel agile all of a sudden. The giant frog misses you.
The gnoll hits you but does no damage.
The centaur shoots an arrow.
The arrow hits you!
You die...

#r...Og......... #
...###.###...###....#
#....5........<....##
#...###.#.##........
......Y....)..##.......
......#####........#...
#.<.#######.c......#.#
#.#.......OZ##.#.....##.. #..
.#######(†F@.........
#.g5........#.# ...
##(............#
..#.....##......##... .!
...##..##..#....##.#### .. #..
####..............##.... ... #..
.........#.........#..## #.#
#..##...###...##.##.........# #.#
#..#.....##...#..##.......≈.###.#


You could see an ogre, a giant frog, a centaur, a gnoll, a shadow imp and a
gnoll zombie.

Vanquished Creatures
  Edmund (D:5)
  An ice beast (D:6)
  An ogre (D:4)
  2 sky beasts (D:6)
  2 centaurs (D:5)
  2 scorpions (D:5)
  2 wights (D:6)
  2 crimson imps
  A hound (D:4)
  3 orc priests
  Ijyb (D:2)
  A giant frog zombie (D:5)
  Natasha (thrice) (D:3)
  4 orc wizards
  2 worker ants (D:4)
  An iguana (D:4)
  A hound skeleton (D:6)
  A worker ant zombie (D:5)
  9 gnolls
  10 adders
  2 oozes
  An adder zombie (D:5)
  5 worms
  An adder skeleton (D:4)
  2 giant geckos
  18 orcs
  5 giant cockroaches
  10 goblins
  16 hobgoblins
  8 jackals
  7 kobolds
  2 ball pythons
  A ball python zombie (D:5)
  12 bats
  7 giant newts
  A quokka (D:3)
  14 rats
162 creatures vanquished.

Vanquished Creatures (others)
  A hound (D:5)
  A hobgoblin (D:1)
2 creatures vanquished.

Grand Total: 164 creatures vanquished

Notes
Turn   | Place    | Note
--------------------------------------------------------------
     0 | D:1      | namelastname112 the Draconian Fire Elementalist began the quest for the Orb.
     0 | D:1      | Reached XP level 1. HP: 14/14 MP: 3/3
   352 | D:1      | Reached XP level 2. HP: 20/20 MP: 5/5
   834 | D:2      | Reached skill level 1 in Fighting
  1007 | D:2      | Reached XP level 3. HP: 26/28 MP: 6/6
  1337 | D:2      | Found a deep blue altar of Sif Muna.
  1445 | D:2      | Noticed Ijyb
  1460 | D:2      | Killed Ijyb
  1460 | D:2      | Reached XP level 4. HP: 23/36 MP: 1/8
  1907 | D:2      | Found a snail-covered altar of Cheibriados.
  2112 | D:3      | Reached XP level 5. HP: 42/42 MP: 6/9
  2333 | D:3      | Noticed Natasha
  2339 | D:3      | Killed Natasha
  2577 | D:3      | Noticed Natasha
  2580 | D:3      | Killed Natasha
  2898 | D:3      | Noticed Natasha
  2901 | D:3      | Killed Natasha
  3406 | D:4      | Reached XP level 6. HP: 31/51 MP: 3/11
  3678 | D:4      | Found Gace Qulo's Jewellery Shop.
  3784 | D:4      | Reached skill level 4 in Spellcasting
  4029 | D:4      | Found a shattered altar of Ashenzari.
  4557 | D:4      | Noticed an ogre
  4576 | D:4      | Killed an ogre
  4576 | D:4      | Your scales start taking on a glossy black colour.
  4576 | D:4      | Gained mutation: You are resistant to electric shocks. [Black Draconian growth]
  4576 | D:4      | Reached XP level 7. HP: 36/60 MP: 0/13
  5276 | D:5      | Entered Level 5 of the Dungeon
  5295 | D:5      | Found a blossoming altar of Fedhas.
  5299 | D:5      | Noticed Edmund
  5340 | D:5      | Killed Edmund
  5559 | D:5      | Reached skill level 5 in Spellcasting
  5894 | D:5      | Reached XP level 8. HP: 26/67 MP: 2/16
  6455 | D:5      | Found a bloodstained altar of Trog.
  6570 | D:5      | Found a staircase to the Ecumenical Temple.
  6579 | Temple   | Entered the Ecumenical Temple
  6779 | D:6      | Found a radiant altar of Vehumet.
  6797 | D:6      | Reached skill level 6 in Spellcasting
  6801 | D:6      | Gained mutation: You have a pair of small horns on your head. [mutagenic meat]
  6802 | D:6      | Gained mutation: You expend magic power (3 MP) to strengthen your wands. [mutagenic meat]
  6803 | D:6      | Gained mutation: You tend to lose your temper in combat. [mutagenic meat]
  6805 | D:6      | Gained mutation: You are weak. (Str -2) [mutagenic meat]
  6806 | D:6      | Gained mutation: You heal slowly when monsters are visible. [mutagenic meat]
  6817 | D:6      | Became a worshipper of Vehumet
  6866 | D:6      | Reached skill level 5 in Conjurations
  7102 | D:6      | Lost mutation: You are weak. (Str -2) [mutagenic meat]
  7103 | D:6      | Gained mutation: You are occasionally teleported to nearby monsters. [mutagenic meat]
  7105 | D:6      | Gained mutation: Your muscles are strong. (Str +2) [mutagenic meat]
  7159 | D:6      | Shot with an arrow by a centaur

Vault maps used:
D:1:      shiori_arrival_oz
D:2:      nicolae_overflow_hidden_temple, lemuel_blue_sif_altar, uniq_iyjb
D:3:      uniq_natasha
D:4:      nicolae_overflow_crystal_walls, first_bread, serial_shops, shop,
          hangedman_decor_push
D:5:      lightli_temple_of_fire, fedhas_bush_and_centaur_altar,
          lemuel_temple_firewalk, minmay_strange_pillars, uniq_edmund
D:6:      overflow_temple_1_default, minivault_26
Temple:   minmay_temple_curvy_8

Action                   |  1- 3 |  4- 6 |  7- 9 || total
-------------------------+-------+-------+-------++-------
Melee: Unarmed           |    13 |       |       ||    13
       Spear             |    53 |   145 |   146 ||   344
 Cast: Flame Tongue      |    32 |    85 |   146 ||   263
 Abil: Breathe Lightning |       |       |     1 ||     1
  Use: Potion            |       |       |     2 ||     2
 Stab: Sleeping          |     4 |     3 |     1 ||     8
       Distracted        |     2 |       |       ||     2
  Eat: Chunk             |     2 |     9 |    21 ||    32
